Sabres vs Maroons

Created - 21 décembre 2020 at 09:43

Goals
1 2 3 OT1 T
Sabres 1 0 3 1 5
Maroons 2 1 1 0 4
Shots
1 2 3 OT1 T
Sabres 7 7 17 1 32
Maroons 15 13 16 0 44

1st period

1. Sabres , Nicklas Backstrom 6 (Kailer Yamamoto 6, Ivan Provorov 8) at 5:57
2. Maroons , Cal Clutterbuck 3 (Nick Schmaltz 4, Filip Zadina 3) at 15:06
3. Maroons , Bryan Rust 5 (Bo Horvat 8, Brendan Gallagher 5) at 18:18

Penalties :
Nick Ritchie (MON) for Hooking (Minor) at 12:36

2nd period

4. Maroons , Bo Horvat 6 (Brendan Gallagher 6) at 18:55

Penalties :
Rasmus Dahlin (BUF) for Hooking (Minor) at 8:36

3rd period

5. Sabres , Nicklas Backstrom 7 (Clayton Keller 1, Kailer Yamamoto 7) at 2:58
6. Sabres , Rickard Rakell 4 (Filip Hronek 7, Andre Burakovsky 10) at 13:00
7. Sabres , Joonas Donskoi 2 (Tyler Ennis 3) at 15:06
8. Maroons , Filip Zadina 2 (Nick Schmaltz 5, Brendan Gallagher 7) at 19:18

Penalties :
No Penalty

Overtime #1

9. Sabres , Kevin Hayes 4 (Ivan Provorov 9, Nicklas Backstrom 9) at 0:14

Penalties :
No Penalty

Goalie Stats

Elvis Merzlikins (BUF), 40 saves from 44 shots - (0,909), W, 9-2-1, 60:14 minutes
John Gibson (MON), 27 saves from 32 shots - (0,844), OTL, 2-6-5, 60:06 minutes

Players Stats for Sabres

Player Name              G  A  P  +/- PIM S  H  SB GA TA FO     MP     PP MP  PK MP  
------------------------------------------------------------------------------------
Andre Burakovsky         0  1  1   0  0   2  1  0  0  0  0/1    18:03   0:59   0:48 
Anze Kopitar             0  0  0   0  0   0  0  1  0  0  8/13   16:29   1:03   0:00 
Clayton Keller           0  1  1   2  0   1  0  0  0  0  1/1    14:38   0:00   0:07 
Filip Hronek             0  1  1   3  0   1  4  1  1  1  0/0    24:14   1:00   1:24 
Ivan Provorov            0  2  2   4  0   2  1  1  0  4  0/0    23:43   0:59   0:57 
Joonas Donskoi           1  0  1   0  0   3  0  0  0  0  2/3    11:11   0:00   0:00 
Kailer Yamamoto          0  2  2   2  0   2  6  0  1  0  1/1    15:38   1:03   0:00 
Kevin Hayes              1  0  1  -1  0   5  2  1  0  0  12/21  14:44   0:00   0:30 
Madison Bowey            0  0  0  -2  0   0  0  0  0  0  0/0    16:00   0:59   0:00 
Marco Scandella          0  0  0  -2  0   0  0  0  0  1  0/0    15:36   0:00   0:35 
Nicklas Backstrom        2  1  3   3  0   5  0  0  0  0  10/19  15:41   0:56   0:00 
Rasmus Dahlin            0  0  0  -1  2   2  1  2  1  2  0/0    21:21   1:00   0:00 
Rickard Rakell           1  0  1   0  0   2  0  1  1  2  0/1    16:18   0:56   0:00 
Ryan Carpenter           0  0  0  -1  0   0  1  0  0  0  2/12   12:30   0:00   0:56 
Ryan Murray              0  0  0  -1  0   0  1  1  0  1  0/0    20:13   0:00   1:02 
Tyler Ennis              0  1  1   0  0   3  0  0  0  0  0/1    12:50   0:04   0:37 
Viktor Arvidsson         0  0  0  -1  0   2  0  0  0  0  0/0    13:37   0:00   0:00 
Zach Hyman               0  0  0  -2  0   2  1  0  0  0  0/1    15:56   0:56   1:00 

Players Stats for Maroons

Player Name              G  A  P  +/- PIM S  H  SB GA TA FO     MP     PP MP  PK MP  
------------------------------------------------------------------------------------
Bo Horvat                1  1  2   0  0   7  3  2  1  0  24/46  22:49   1:08   1:05 
Brendan Gallagher        0  3  3   1  0   3  0  2  1  0  2/3    21:30   1:08   0:00 
Brenden Dillon           0  0  0   2  0   1  1  0  0  0  0/0    17:49   0:48   0:40 
Bryan Rust               1  0  1   0  0   7  1  2  2  1  0/2    22:49   1:08   1:05 
Cal Clutterbuck          1  0  1   1  0   3  0  0  0  0  0/0    12:00   0:00   0:10 
Carl Gunnarsson          0  0  0   1  0   1  1  2  0  0  0/0    12:55   0:00   0:00 
Charlie Coyle            0  0  0  -1  0   2  3  0  0  0  0/0    15:32   0:51   0:00 
Dylan McIlrath           0  0  0   2  0   1  2  2  0  0  0/0    17:49   0:48   0:40 
Filip Zadina             1  1  2   2  0   4  1  1  2  0  0/1    12:49   0:00   0:27 
Frederik Gauthier        0  0  0   1  0   0  0  0  0  0  0/0     0:32   0:00   0:00 
Jacob Trouba             0  0  0  -4  0   1  2  2  0  3  0/0    29:30   1:11   1:19 
Jay Beagle               0  0  0  -2  0   1  0  0  0  0  2/3     8:37   0:00   0:00 
Matthew Tkachuk          0  0  0  -1  0   2  2  0  3  0  0/0    15:52   0:51   0:20 
Nick Ritchie             0  0  0  -2  2   1  2  0  0  0  0/0     8:36   0:00   0:00 
Nick Schmaltz            0  2  2   2  0   3  0  2  1  0  5/7    12:22   0:00   0:00 
Nicolas Aube-Kubel       0  0  0  -2  0   2  0  0  1  0  0/0     8:37   0:00   0:00 
Pierre-Luc Dubois        0  0  0  -1  0   5  1  0  0  0  5/12   16:23   0:51   0:51 
Rasmus Sandin            0  0  0   1  0   0  2  1  0  0  0/0    12:55   0:00   0:00 
Ryan McDonagh            0  0  0  -3  0   0  0  2  0  0  0/0    29:16   1:11   1:19 

3 Stars

1 - Nicklas Backstrom (BUF)
2 - Kailer Yamamoto (BUF)
3 - Ivan Provorov (BUF)

Power Play

Sabres - 0 on 1 Attempt(s) - 0,00%
Maroons - 0 on 1 Attempt(s) - 0,00%

Penalty Kill

Sabres - 1 on 1 Attempt(s) - 100,00% - Score 0 goal in Penalty Kill
Maroons - 1 on 1 Attempt(s) - 100,00% - Score 0 goal in Penalty Kill

Team Stat

Sabres - Hits : 18 - Faceoff Wins : 36 - Blocked Shots : 8 - Penalty Minutes : 2
Maroons - Hits : 21 - Faceoff Wins : 38 - Blocked Shots : 18 - Penalty Minutes : 2

Official

Referees : Brett Roeland and Sean MacFarlane
Linesman : Justin Cornell and Vaughan Rody

Game Notes

No Game Note

Finance

Level 1 -- Attendance: 4855 (80,92%) -- Ticket Income 485 500 $
Level 2 -- Attendance: 4904 (98,08%) -- Ticket Income 294 240 $
Level 3 -- Attendance: 2000 (100,00%) -- Ticket Income 70 000 $
Level 4 -- Attendance: 4000 (100,00%) -- Ticket Income 80 000 $
Luxury Box -- Attendance: 722 (72,20%) -- Ticket Income 144 400 $
Game was played at the Arena de Verdun.
Total Attendance: 16481 (91,56%)
Total Ticket Income: 1 074 140 $
Other Income: 526 329 $
Total Income: 1 600 469 $

Sabres

5 vs 5 Forward 
   Center                   Left Wing                Right Wing               Time % Phy DF OF 
 1 Anze Kopitar             Andre Burakovsky         Rickard Rakell           30     0   2  3  
 2 Nicklas Backstrom        Clayton Keller           Kailer Yamamoto          27     0   2  3  
 3 Kevin Hayes              Viktor Arvidsson         Zach Hyman               23     0   2  3  
 4 Ryan Carpenter           Tyler Ennis              Joonas Donskoi           20     0   3  2  

5 vs 5 Defense 
   Defense                  Defense                                           Time % Phy DF OF 
 1 Ivan Provorov            Filip Hronek                                      38     0   3  2  
 2 Rasmus Dahlin            Ryan Murray                                       35     0   3  2  
 3 Madison Bowey            Marco Scandella                                   27     0   3  2  
 4 Ivan Provorov            Rasmus Dahlin                                     0      0   3  2  

PowerPlay Forward 
   Center                   Left Wing                Right Wing               Time % Phy DF OF 
 1 Anze Kopitar             Kailer Yamamoto          Andre Burakovsky         60     0   0  5  
 2 Nicklas Backstrom        Rickard Rakell           Zach Hyman               40     0   0  5  

PowerPlay Defense
   Defense                  Defense                                           Time % Phy DF OF 
 1 Rasmus Dahlin            Filip Hronek                                      59     0   1  4  
 2 Madison Bowey            Ivan Provorov                                     41     0   1  4  

Penalty Kill 4 Players Forward 
   Center                   Wing                     Time % Phy DF OF 
 1 Ryan Carpenter           Zach Hyman               65     0   4  1  
 2 Anze Kopitar             Kevin Hayes              35     1   4  0  

Penalty Kill 4 Players Defense
   Defense                  Defense                  Time % Phy DF OF 
 1 Ryan Murray              Filip Hronek             65     0   5  0  
 2 Ivan Provorov            Marco Scandella          35     0   5  0  

Penalty Kill - 3 Players Forward 
   Forward                                           Time % Phy DF OF 
 1 Ryan Carpenter                                    60     0   5  0  
 2 Kevin Hayes                                       40     0   5  0  

Penalty Kill - 3 Players Defense
   Defense                  Defense                  Time % Phy DF OF 
 1 Filip Hronek             Ryan Murray              60     0   5  0  
 2 Ivan Provorov            Marco Scandella          40     0   5  0  

4 vs 4 Forward 
   Center                   Wing                     Time % Phy DF OF 
 1 Kevin Hayes              Joonas Donskoi           50     1   1  3  
 2 Nicklas Backstrom        Clayton Keller           50     1   1  3  

4 vs 4 Defense
   Defense                  Defense                  Time % Phy DF OF 
 1 Madison Bowey            Filip Hronek             50     1   2  2  
 2 Marco Scandella          Ryan Murray              50     1   2  2  

Last Minutes Offensive
   Center                   Left Wing                Right Wing               Defense                  Defense                  
   Nicklas Backstrom        Clayton Keller           Viktor Arvidsson         Filip Hronek             Ivan Provorov            

Last Minutes Defensive
   Center                   Left Wing                Right Wing               Defense                  Defense                  
   Kevin Hayes              Zach Hyman               Ryan Carpenter           Filip Hronek             Ivan Provorov            

Goaltenders
Starting : Elvis Merzlikins         
Backup : James Reimer             

Extra Forwards
Normal : Joonas Donskoi, Zach Hyman, Rickard Rakell - PP : Tyler Ennis, Joonas Donskoi - PK : Tyler Ennis
Extra Defensemen
Normal : Ryan Murray, Filip Hronek, Ivan Provorov - PP : Ryan Murray - PK : Filip Hronek, Ivan Provorov
Penalty Shots
Rickard Rakell, Rasmus Dahlin, Anze Kopitar, Joonas Donskoi, Nicklas Backstrom
Custom OT Lines Forwards
Kevin Hayes, Nicklas Backstrom, Viktor Arvidsson, Rickard Rakell, Clayton Keller, Zach Hyman, Anze Kopitar, Andre Burakovsky, Tyler Ennis, Ryan Carpenter
Custom OT Lines Defensemen
Ivan Provorov, Filip Hronek, Rasmus Dahlin, Ryan Murray, Marco Scandella

Scratches
Martin Jones (Healthy)

Maroons

5 vs 5 Forward 
   Center                   Left Wing                Right Wing               Time % Phy DF OF 
 1 Bo Horvat                Bryan Rust               Brendan Gallagher        40     1   2  2  
 2 Pierre-Luc Dubois        Matthew Tkachuk          Charlie Coyle            30     1   2  2  
 3 Nick Schmaltz            Filip Zadina             Cal Clutterbuck          20     1   2  2  
 4 Jay Beagle               Nick Ritchie             Nicolas Aube-Kubel       10     1   2  2  

5 vs 5 Defense 
   Defense                  Defense                                           Time % Phy DF OF 
 1 Jacob Trouba             Ryan McDonagh                                     40     1   2  2  
 2 Brenden Dillon           Dylan McIlrath                                    30     1   2  2  
 3 Carl Gunnarsson          Rasmus Sandin                                     20     1   2  2  
 4 Jacob Trouba             Ryan McDonagh                                     10     1   2  2  

PowerPlay Forward 
   Center                   Left Wing                Right Wing               Time % Phy DF OF 
 1 Bo Horvat                Bryan Rust               Brendan Gallagher        60     1   2  2  
 2 Pierre-Luc Dubois        Matthew Tkachuk          Charlie Coyle            40     1   2  2  

PowerPlay Defense
   Defense                  Defense                                           Time % Phy DF OF 
 1 Jacob Trouba             Ryan McDonagh                                     60     1   2  2  
 2 Brenden Dillon           Dylan McIlrath                                    40     1   2  2  

Penalty Kill 4 Players Forward 
   Center                   Wing                     Time % Phy DF OF 
 1 Bo Horvat                Bryan Rust               60     1   2  2  
 2 Matthew Tkachuk          Pierre-Luc Dubois        40     1   2  2  

Penalty Kill 4 Players Defense
   Defense                  Defense                  Time % Phy DF OF 
 1 Jacob Trouba             Ryan McDonagh            60     1   2  2  
 2 Brenden Dillon           Dylan McIlrath           40     1   2  2  

Penalty Kill - 3 Players Forward 
   Forward                                           Time % Phy DF OF 
 1 Bo Horvat                                         60     1   2  2  
 2 Bryan Rust                                        40     1   2  2  

Penalty Kill - 3 Players Defense
   Defense                  Defense                  Time % Phy DF OF 
 1 Jacob Trouba             Ryan McDonagh            60     1   2  2  
 2 Brenden Dillon           Dylan McIlrath           40     1   2  2  

4 vs 4 Forward 
   Center                   Wing                     Time % Phy DF OF 
 1 Bo Horvat                Bryan Rust               60     1   2  2  
 2 Matthew Tkachuk          Pierre-Luc Dubois        40     1   2  2  

4 vs 4 Defense
   Defense                  Defense                  Time % Phy DF OF 
 1 Jacob Trouba             Ryan McDonagh            60     1   2  2  
 2 Brenden Dillon           Dylan McIlrath           40     1   2  2  

Last Minutes Offensive
   Center                   Left Wing                Right Wing               Defense                  Defense                  
   Bo Horvat                Bryan Rust               Brendan Gallagher        Jacob Trouba             Ryan McDonagh            

Last Minutes Defensive
   Center                   Left Wing                Right Wing               Defense                  Defense                  
   Bo Horvat                Bryan Rust               Brendan Gallagher        Jacob Trouba             Ryan McDonagh            

Goaltenders
Starting : John Gibson              
Backup : Philippe Desrosiers      

Extra Forwards
Normal : Frederik Gauthier, Nick Schmaltz, Filip Zadina - PP : Frederik Gauthier, Nick Schmaltz - PK : Filip Zadina
Extra Defensemen
Normal : Carl Gunnarsson, Rasmus Sandin, Brenden Dillon - PP : Carl Gunnarsson - PK : Rasmus Sandin, Brenden Dillon
Penalty Shots
Bo Horvat, Bryan Rust, Matthew Tkachuk, Pierre-Luc Dubois, Brendan Gallagher
Custom OT Lines Forwards
Bo Horvat, Bryan Rust, Matthew Tkachuk, Pierre-Luc Dubois, Brendan Gallagher, Charlie Coyle, Nick Schmaltz, Filip Zadina, Nick Ritchie, Cal Clutterbuck
Custom OT Lines Defensemen
Jacob Trouba, Ryan McDonagh, Brenden Dillon, Dylan McIlrath, Carl Gunnarsson

Scratches
Ethan Prow (Healthy), Esa Lindell (Healthy)

% Time on Ice - Sabres

Lines # - Real PCT - Wanted PCT - Time Play
Normal Forward
1 - 29% - 30% - 16:20
2 - 26% - 27% - 14:31
3 - 24% - 23% - 13:37
4 - 20% - 20% - 11:11
Normal Defense
1 - 39% - 38% - 21:27
2 - 34% - 35% - 19:11
3 - 27% - 27% - 15:01
4 - 0% - 0% - 0:00
PP Forward
1 - 53% - 60% - 1:03
2 - 47% - 40% - 0:56
PP Defense
1 - 50% - 59% - 1:00
2 - 50% - 41% - 0:59
PK Forward
1 - 100% - 65% - 1:59
2 - 0% - 35% - 0:00
PK Defense
1 - 71% - 65% - 1:24
2 - 29% - 35% - 0:35
PK3 Forward
1 - 0% - 60%
2 - 0% - 40%
PK3 Defense
1 - 0% - 60%
2 - 0% - 40%
44 Forward
1 - 0% - 50%
2 - 0% - 50%
44 Defense
1 - 0% - 50%
2 - 0% - 50%
Last Minute Offensive  - 0:00
Last Minute Defensive  - 0:23
Total
Forward - 60:00
Defense - 60:00

% Time on Ice - Maroons

Lines # - Real PCT - Wanted PCT - Time Play
Normal Forward
1 - 37% - 40% - 20:22
2 - 26% - 30% - 14:41
3 - 21% - 20% - 11:50
4 - 16% - 10% - 8:37
Normal Defense
1 - 40% - 40% - 22:25
2 - 29% - 30% - 16:21
3 - 22% - 20% - 12:23
4 - 8% - 10% - 4:21
PP Forward
1 - 57% - 60% - 1:08
2 - 43% - 40% - 0:51
PP Defense
1 - 60% - 60% - 1:11
2 - 40% - 40% - 0:48
PK Forward
1 - 83% - 60% - 1:39
2 - 17% - 40% - 0:20
PK Defense
1 - 66% - 60% - 1:19
2 - 34% - 40% - 0:40
PK3 Forward
1 - 0% - 60%
2 - 0% - 40%
PK3 Defense
1 - 0% - 60%
2 - 0% - 40%
44 Forward
1 - 0% - 60%
2 - 0% - 40%
44 Defense
1 - 0% - 60%
2 - 0% - 40%
Last Minute Offensive  - 0:32
Last Minute Defensive  - 0:00
Total
Forward - 60:00
Defense - 60:00

Play-by-Play

1st period


0:01 of 1st period - Bo Horvat wins face-off versus Anze Kopitar in neutral zone.
0:06 of 1st period - Snap shot by Bryan Rust.
0:06 of 1st period - Stopped by Elvis Merzlikins with a rebound.
0:08 of 1st period - Snap shot by Brendan Gallagher.
0:08 of 1st period - Shot Misses the Net.
1:18 of 1st period - Snap shot by Tyler Ennis.
1:18 of 1st period - Shot Misses the Net.
1:32 of 1st period - Dylan McIlrath is hit by Andre Burakovsky and loses puck.
1:52 of 1st period - Icing by Bryan Rust.
1:53 of 1st period - Kailer Yamamoto wins face-off versus Bryan Rust in Maroons zone.
2:49 of 1st period - Icing by Cal Clutterbuck.
2:50 of 1st period - Anze Kopitar wins face-off versus Filip Zadina in Maroons zone.
3:27 of 1st period - Wrist shot by Nicklas Backstrom.
3:27 of 1st period - Shot Misses the Net.
3:43 of 1st period - Snap shot by Filip Zadina.
3:43 of 1st period - Shot Misses the Net.
3:45 of 1st period - Wrist shot by Cal Clutterbuck.
3:45 of 1st period - Shot Misses the Net.
3:47 of 1st period - Snap shot by Filip Zadina.
3:47 of 1st period - Shot Misses the Net.
3:49 of 1st period - Slapshot by Carl Gunnarsson.
3:49 of 1st period - Deflect By Filip Zadina.
3:49 of 1st period - Shot Blocked by Ivan Provorov.
3:49 of 1st period - Puck is out of play.
3:50 of 1st period - Kevin Hayes wins face-off versus Bo Horvat in Sabres zone.
3:59 of 1st period - Snap shot by Bo Horvat.
3:59 of 1st period - Shot Misses the Net.
4:01 of 1st period - Wrist shot by Bo Horvat.
4:01 of 1st period - Stopped by Elvis Merzlikins without a rebound.
4:02 of 1st period - Bo Horvat wins face-off versus Anze Kopitar in Sabres zone.
4:18 of 1st period - Snap shot by Madison Bowey.
4:18 of 1st period - Shot Blocked by Jacob Trouba.
4:34 of 1st period - Off-side.
4:35 of 1st period - Nicklas Backstrom wins face-off versus Pierre-Luc Dubois in neutral zone.
4:35 of 1st period - Nicklas Backstrom is hit by Dylan McIlrath.
4:47 of 1st period - Snap shot by Nicklas Backstrom.
4:47 of 1st period - Shot Blocked by Dylan McIlrath.
4:49 of 1st period - Wrist shot by Clayton Keller.
4:49 of 1st period - Deflect By Kailer Yamamoto.
4:49 of 1st period - Stopped by John Gibson with a rebound.
4:51 of 1st period - Slapshot by Ryan Murray.
4:51 of 1st period - Shot Misses the Net.
5:03 of 1st period - Slapshot by Bryan Rust.
5:03 of 1st period - Shot Misses the Net.
5:57 of 1st period - Wrist shot by Kailer Yamamoto.
5:57 of 1st period - Deflect By Nicklas Backstrom.
5:57 of 1st period - Goal by Nicklas Backstrom - Sabres : 1 - Maroons : 0.
5:58 of 1st period - Bo Horvat wins face-off versus Kevin Hayes in neutral zone.
6:01 of 1st period - Snap shot by Bo Horvat.
6:01 of 1st period - Stopped by Elvis Merzlikins with a rebound.
6:07 of 1st period - Snap shot by Kevin Hayes.
6:07 of 1st period - Stopped by John Gibson with a rebound.
6:09 of 1st period - Snap shot by Zach Hyman.
6:09 of 1st period - Shot Misses the Net.
6:11 of 1st period - Slapshot by Filip Hronek.
6:11 of 1st period - Shot Blocked by Bryan Rust.
6:20 of 1st period - Icing by Bo Horvat.
6:21 of 1st period - Bo Horvat wins face-off versus Rickard Rakell in Maroons zone.
6:50 of 1st period - Marco Scandella is hit by Rasmus Sandin and loses puck.
8:05 of 1st period - Kevin Hayes is hit by Charlie Coyle and loses puck.
8:15 of 1st period - Icing by Filip Hronek.
8:16 of 1st period - Bo Horvat wins face-off versus Ryan Carpenter in Sabres zone.
8:41 of 1st period - Clayton Keller is hit by Dylan McIlrath.
9:06 of 1st period - Slapshot by Brenden Dillon.
9:06 of 1st period - Shot Blocked by Ryan Murray.
9:08 of 1st period - Snap shot by Brenden Dillon.
9:08 of 1st period - Stopped by Elvis Merzlikins without a rebound.
9:09 of 1st period - Ryan Carpenter wins face-off versus Bo Horvat in Sabres zone.
9:36 of 1st period - Icing by Nicklas Backstrom.
9:37 of 1st period - Pierre-Luc Dubois wins face-off versus Nicklas Backstrom in Sabres zone.
9:38 of 1st period - Snap shot by Matthew Tkachuk.
9:38 of 1st period - Stopped by Elvis Merzlikins without a rebound.
9:39 of 1st period - Nicklas Backstrom wins face-off versus Pierre-Luc Dubois in Sabres zone.
9:39 of 1st period - Nicklas Backstrom is hit by Matthew Tkachuk.
10:13 of 1st period - Snap shot by Zach Hyman.
10:13 of 1st period - Stopped by John Gibson with a rebound.
10:47 of 1st period - Snap shot by Pierre-Luc Dubois.
10:47 of 1st period - Shot Misses the Net.
10:49 of 1st period - Snap shot by Charlie Coyle.
10:49 of 1st period - Stopped by Elvis Merzlikins with a rebound.
10:51 of 1st period - Wrist shot by Carl Gunnarsson.
10:51 of 1st period - Stopped by Elvis Merzlikins without a rebound.
10:52 of 1st period - Bo Horvat wins face-off versus Ryan Carpenter in Sabres zone.
10:57 of 1st period - Snap shot by Bo Horvat.
10:57 of 1st period - Stopped by Elvis Merzlikins with a rebound.
10:59 of 1st period - Slapshot by Carl Gunnarsson.
10:59 of 1st period - Deflect By Brendan Gallagher.
10:59 of 1st period - Shot Misses the Net.
10:59 of 1st period - Puck is out of play.
11:00 of 1st period - Joonas Donskoi wins face-off versus Bo Horvat in Sabres zone.
11:25 of 1st period - Kailer Yamamoto is hit by Jacob Trouba.
11:49 of 1st period - Snap shot by Kevin Hayes.
11:49 of 1st period - Stopped by John Gibson without a rebound.
11:50 of 1st period - Jay Beagle wins face-off versus Kevin Hayes in Maroons zone.
11:55 of 1st period - Jay Beagle is hit by Rasmus Dahlin and loses puck.
12:06 of 1st period - Snap shot by Kevin Hayes.
12:06 of 1st period - Shot Misses the Net.
12:36 of 1st period - Minor Penalty to Nick Ritchie for Hooking.
12:37 of 1st period - Anze Kopitar wins face-off versus Bo Horvat in Maroons zone.
13:04 of 1st period - Ryan McDonagh is hit by Filip Hronek and loses puck.
14:27 of 1st period - Ryan McDonagh is hit by Zach Hyman and loses puck.
14:36 of 1st period - Penalty to Nick Ritchie is over, Nick Ritchie is back on ice.
14:50 of 1st period - Snap shot by Nicolas Aube-Kubel.
14:50 of 1st period - Stopped by Elvis Merzlikins with a rebound.
14:52 of 1st period - Backhand shot by Jay Beagle.
14:52 of 1st period - Stopped by Elvis Merzlikins without a rebound.
14:53 of 1st period - Nick Schmaltz wins face-off versus Ryan Carpenter in Sabres zone.
14:58 of 1st period - Wrist shot by Filip Zadina.
14:58 of 1st period - Stopped by Elvis Merzlikins with a rebound.
15:00 of 1st period - Slapshot by Cal Clutterbuck.
15:00 of 1st period - Stopped by Elvis Merzlikins with a rebound.
15:04 of 1st period - Wrist shot by Filip Zadina.
15:04 of 1st period - Deflect By Nick Schmaltz.
15:04 of 1st period - Stopped by Elvis Merzlikins with a rebound.
15:06 of 1st period - Snap shot by Cal Clutterbuck.
15:06 of 1st period - Goal by Cal Clutterbuck - Sabres : 1 - Maroons : 1.
15:07 of 1st period - Nicklas Backstrom wins face-off versus Bo Horvat in neutral zone.
15:10 of 1st period - Brenden Dillon is hit by Kailer Yamamoto and loses puck.
16:08 of 1st period - Backhand shot by Nick Schmaltz.
16:08 of 1st period - Shot Blocked by Rasmus Dahlin.
16:31 of 1st period - Jay Beagle is hit by Filip Hronek and loses puck.
17:06 of 1st period - Madison Bowey is hit by Carl Gunnarsson and loses puck.
17:41 of 1st period - Icing by Filip Zadina.
17:42 of 1st period - Nick Schmaltz wins face-off versus Nicklas Backstrom in Maroons zone.
17:59 of 1st period - Carl Gunnarsson is hit by Kailer Yamamoto and loses puck.
18:18 of 1st period - Slapshot by Bo Horvat.
18:18 of 1st period - Deflect By Bryan Rust.
18:18 of 1st period - Goal by Bryan Rust - Sabres : 1 - Maroons : 2.
18:19 of 1st period - Clayton Keller wins face-off versus Bo Horvat in neutral zone.
18:22 of 1st period - Snap shot by Nicklas Backstrom.
18:22 of 1st period - Shot Blocked by Ryan McDonagh.
19:14 of 1st period - Snap shot by Joonas Donskoi.
19:14 of 1st period - Deflect By Tyler Ennis.
19:14 of 1st period - Stopped by John Gibson without a rebound.
19:15 of 1st period - Nick Schmaltz wins face-off versus Ryan Carpenter in Maroons zone.
19:44 of 1st period - Off-side.
19:45 of 1st period - Bo Horvat wins face-off versus Kevin Hayes in neutral zone.
19:56 of 1st period - Wrist shot by Kevin Hayes.
19:56 of 1st period - Stopped by John Gibson with a rebound.
19:58 of 1st period - Slapshot by Viktor Arvidsson.
19:58 of 1st period - Shot Blocked by Brendan Gallagher.
Goals for this period are 1 for Sabres vs 2 for Maroons.
Shots for this period are 7 for Sabres vs 15 for Maroons.

2nd period


0:01 of 2nd period - Brendan Gallagher wins face-off versus Anze Kopitar in neutral zone.
0:04 of 2nd period - Anze Kopitar is hit by Bo Horvat and loses puck.
0:15 of 2nd period - Wrist shot by Rickard Rakell.
0:15 of 2nd period - Stopped by John Gibson without a rebound.
0:16 of 2nd period - Pierre-Luc Dubois wins face-off versus Nicklas Backstrom in Maroons zone.
0:16 of 2nd period - Pierre-Luc Dubois is hit by Filip Hronek.
0:54 of 2nd period - Snap shot by Rickard Rakell.
0:54 of 2nd period - Shot Blocked by Ryan McDonagh.
1:53 of 2nd period - Bo Horvat is hit by Ryan Carpenter and loses puck.
3:12 of 2nd period - Wrist shot by Nicklas Backstrom.
3:12 of 2nd period - Shot Blocked by Carl Gunnarsson.
3:32 of 2nd period - Kevin Hayes is hit by Nick Ritchie and loses puck.
3:53 of 2nd period - Wrist shot by Filip Zadina.
3:53 of 2nd period - Shot Misses the Net.
4:45 of 2nd period - Snap shot by Nicklas Backstrom.
4:45 of 2nd period - Stopped by John Gibson with a rebound.
4:47 of 2nd period - Slapshot by Filip Hronek.
4:47 of 2nd period - Shot Misses the Net.
4:49 of 2nd period - Wrist shot by Kailer Yamamoto.
4:49 of 2nd period - Shot Blocked by Dylan McIlrath.
5:09 of 2nd period - Off-side.
5:10 of 2nd period - Brendan Gallagher wins face-off versus Nicklas Backstrom in neutral zone.
5:23 of 2nd period - Snap shot by Bryan Rust.
5:23 of 2nd period - Stopped by Elvis Merzlikins without a rebound.
5:24 of 2nd period - Kevin Hayes wins face-off versus Pierre-Luc Dubois in Sabres zone.
5:53 of 2nd period - Off-side.
5:54 of 2nd period - Nicklas Backstrom wins face-off versus Bo Horvat in neutral zone.
6:42 of 2nd period - Rickard Rakell is hit by Charlie Coyle and loses puck.
7:31 of 2nd period - Snap shot by Nicolas Aube-Kubel.
7:31 of 2nd period - Shot Misses the Net.
7:51 of 2nd period - Snap shot by Joonas Donskoi.
7:51 of 2nd period - Stopped by John Gibson with a rebound.
8:09 of 2nd period - Filip Hronek is hit by Filip Zadina and loses puck.
8:20 of 2nd period - Cal Clutterbuck is hit by Ivan Provorov and loses puck.
8:33 of 2nd period - Snap shot by Cal Clutterbuck.
8:33 of 2nd period - Stopped by Elvis Merzlikins without a rebound.
8:34 of 2nd period - Nicklas Backstrom wins face-off versus Bo Horvat in Sabres zone.
8:36 of 2nd period - Minor Penalty to Rasmus Dahlin for Hooking.
8:37 of 2nd period - Bo Horvat wins face-off versus Ryan Carpenter in Sabres zone.
8:45 of 2nd period - Backhand shot by Bo Horvat.
8:45 of 2nd period - Stopped by Elvis Merzlikins with a rebound.
9:13 of 2nd period - Snap shot by Pierre-Luc Dubois.
9:13 of 2nd period - Stopped by Elvis Merzlikins with a rebound.
10:36 of 2nd period - Penalty to Rasmus Dahlin is over, Rasmus Dahlin is back on ice.
11:34 of 2nd period - Off-side.
11:35 of 2nd period - Nicklas Backstrom wins face-off versus Pierre-Luc Dubois in neutral zone.
11:42 of 2nd period - Pierre-Luc Dubois is hit by Kailer Yamamoto and loses puck.
11:49 of 2nd period - Madison Bowey is hit by Matthew Tkachuk and loses puck.
12:05 of 2nd period - Wrist shot by Viktor Arvidsson.
12:05 of 2nd period - Shot Blocked by Filip Zadina.
12:07 of 2nd period - Wrist shot by Kevin Hayes.
12:07 of 2nd period - Shot Blocked by Nick Schmaltz.
12:11 of 2nd period - Wrist shot by Viktor Arvidsson.
12:11 of 2nd period - Stopped by John Gibson without a rebound.
12:12 of 2nd period - Nicklas Backstrom wins face-off versus Bo Horvat in Maroons zone.
12:13 of 2nd period - Wrist shot by Clayton Keller.
12:13 of 2nd period - Shot Blocked by Jacob Trouba.
12:15 of 2nd period - Snap shot by Clayton Keller.
12:15 of 2nd period - Stopped by John Gibson with a rebound.
12:17 of 2nd period - Wrist shot by Kailer Yamamoto.
12:17 of 2nd period - Shot Misses the Net.
12:19 of 2nd period - Slapshot by Rasmus Dahlin.
12:19 of 2nd period - Shot Blocked by Brendan Gallagher.
12:21 of 2nd period - Wrist shot by Nicklas Backstrom.
12:21 of 2nd period - Shot Misses the Net.
12:25 of 2nd period - Wrist shot by Nicklas Backstrom.
12:25 of 2nd period - Stopped by John Gibson without a rebound.
12:26 of 2nd period - Kevin Hayes wins face-off versus Bo Horvat in Maroons zone.
12:29 of 2nd period - Wrist shot by Viktor Arvidsson.
12:29 of 2nd period - Shot Misses the Net.
13:23 of 2nd period - Slapshot by Pierre-Luc Dubois.
13:23 of 2nd period - Stopped by Elvis Merzlikins without a rebound.
13:24 of 2nd period - Anze Kopitar wins face-off versus Nick Schmaltz in Sabres zone.
13:49 of 2nd period - Rickard Rakell is hit by Brenden Dillon.
13:55 of 2nd period - Wrist shot by Andre Burakovsky.
13:55 of 2nd period - Shot Misses the Net.
13:58 of 2nd period - Icing by Brenden Dillon.
13:59 of 2nd period - Jay Beagle wins face-off versus Zach Hyman in Maroons zone.
14:12 of 2nd period - Snap shot by Nick Ritchie.
14:12 of 2nd period - Stopped by Elvis Merzlikins with a rebound.
14:14 of 2nd period - Snap shot by Dylan McIlrath.
14:14 of 2nd period - Stopped by Elvis Merzlikins with a rebound.
14:20 of 2nd period - Wrist shot by Nick Ritchie.
14:20 of 2nd period - Deflect By Nicolas Aube-Kubel.
14:20 of 2nd period - Stopped by Elvis Merzlikins with a rebound.
14:22 of 2nd period - Wrist shot by Jay Beagle.
14:22 of 2nd period - Shot Misses the Net.
14:24 of 2nd period - Slapshot by Jay Beagle.
14:24 of 2nd period - Deflect By Nick Ritchie.
14:24 of 2nd period - Shot Misses the Net.
14:24 of 2nd period - Puck is out of play.
14:25 of 2nd period - Bo Horvat wins face-off versus Joonas Donskoi in Sabres zone.
15:51 of 2nd period - Slapshot by Brendan Gallagher.
15:51 of 2nd period - Stopped by Elvis Merzlikins without a rebound.
15:52 of 2nd period - Bo Horvat wins face-off versus Nicklas Backstrom in Sabres zone.
16:24 of 2nd period - Tyler Ennis is hit by Charlie Coyle and loses puck.
16:41 of 2nd period - Snap shot by Tyler Ennis.
16:41 of 2nd period - Shot Misses the Net.
16:51 of 2nd period - Slapshot by Filip Zadina.
16:51 of 2nd period - Deflect By Nick Schmaltz.
16:51 of 2nd period - Stopped by Elvis Merzlikins with a rebound.
17:23 of 2nd period - Bryan Rust is hit by Kailer Yamamoto and loses puck.
17:30 of 2nd period - Brendan Gallagher is hit by Kailer Yamamoto and loses puck.
17:41 of 2nd period - Joonas Donskoi is hit by Pierre-Luc Dubois and loses puck.
18:00 of 2nd period - Anze Kopitar is hit by Rasmus Sandin.
18:39 of 2nd period - Icing by Nicolas Aube-Kubel.
18:40 of 2nd period - Kevin Hayes wins face-off versus Jay Beagle in Maroons zone.
18:41 of 2nd period - Snap shot by Viktor Arvidsson.
18:41 of 2nd period - Stopped by John Gibson without a rebound.
18:42 of 2nd period - Bo Horvat wins face-off versus Kevin Hayes in Maroons zone.
18:55 of 2nd period - Backhand shot by Bo Horvat.
18:55 of 2nd period - Goal by Bo Horvat - Sabres : 1 - Maroons : 3.
18:56 of 2nd period - Bo Horvat wins face-off versus Ryan Carpenter in neutral zone.
18:59 of 2nd period - Wrist shot by Bryan Rust.
18:59 of 2nd period - Stopped by Elvis Merzlikins without a rebound.
19:00 of 2nd period - Bo Horvat wins face-off versus Ryan Carpenter in Sabres zone.
19:15 of 2nd period - Ryan Murray is hit by Bo Horvat and loses puck.
19:34 of 2nd period - Slapshot by Pierre-Luc Dubois.
19:34 of 2nd period - Shot Misses the Net.
19:36 of 2nd period - Backhand shot by Charlie Coyle.
19:36 of 2nd period - Stopped by Elvis Merzlikins with a rebound.
Goals for this period are 0 for Sabres vs 1 for Maroons.
Shots for this period are 7 for Sabres vs 13 for Maroons.

3rd period


0:01 of 3rd period - Kevin Hayes wins face-off versus Bo Horvat in neutral zone.
0:04 of 3rd period - Snap shot by Ivan Provorov.
0:04 of 3rd period - Stopped by John Gibson without a rebound.
0:05 of 3rd period - Bo Horvat wins face-off versus Kevin Hayes in Maroons zone.
0:58 of 3rd period - Snap shot by Kailer Yamamoto.
0:58 of 3rd period - Shot Blocked by Nick Schmaltz.
1:16 of 3rd period - Slapshot by Ivan Provorov.
1:16 of 3rd period - Stopped by John Gibson without a rebound.
1:17 of 3rd period - Bo Horvat wins face-off versus Ryan Carpenter in Maroons zone.
1:34 of 3rd period - Off-side.
1:35 of 3rd period - Anze Kopitar wins face-off versus Pierre-Luc Dubois in neutral zone.
1:41 of 3rd period - Off-side.
1:42 of 3rd period - Pierre-Luc Dubois wins face-off versus Anze Kopitar in neutral zone.
2:09 of 3rd period - Wrist shot by Rickard Rakell.
2:09 of 3rd period - Deflect By Anze Kopitar.
2:09 of 3rd period - Shot Misses the Net.
2:09 of 3rd period - Puck is out of play.
2:10 of 3rd period - Bo Horvat wins face-off versus Nicklas Backstrom in Maroons zone.
2:15 of 3rd period - Wrist shot by Bryan Rust.
2:15 of 3rd period - Stopped by Elvis Merzlikins without a rebound.
2:16 of 3rd period - Bo Horvat wins face-off versus Nicklas Backstrom in Sabres zone.
2:21 of 3rd period - Snap shot by Bryan Rust.
2:21 of 3rd period - Shot Misses the Net.
2:28 of 3rd period - Icing by Ivan Provorov.
2:29 of 3rd period - Bo Horvat wins face-off versus Nicklas Backstrom in Sabres zone.
2:58 of 3rd period - Wrist shot by Nicklas Backstrom.
2:58 of 3rd period - Goal by Nicklas Backstrom - Sabres : 2 - Maroons : 3.
2:59 of 3rd period - Kevin Hayes wins face-off versus Bo Horvat in neutral zone.
3:39 of 3rd period - Icing by Jacob Trouba.
3:40 of 3rd period - Kevin Hayes wins face-off versus Bo Horvat in Maroons zone.
4:12 of 3rd period - Slapshot by Jacob Trouba.
4:12 of 3rd period - Shot Blocked by Anze Kopitar.
4:45 of 3rd period - Wrist shot by Joonas Donskoi.
4:45 of 3rd period - Stopped by John Gibson with a rebound.
5:17 of 3rd period - Snap shot by Zach Hyman.
5:17 of 3rd period - Deflect By Kevin Hayes.
5:17 of 3rd period - Stopped by John Gibson without a rebound.
5:18 of 3rd period - Pierre-Luc Dubois wins face-off versus Kevin Hayes in Maroons zone.
5:45 of 3rd period - Wrist shot by Brendan Gallagher.
5:45 of 3rd period - Stopped by Elvis Merzlikins without a rebound.
5:46 of 3rd period - Anze Kopitar wins face-off versus Bo Horvat in Sabres zone.
5:56 of 3rd period - Off-side.
5:57 of 3rd period - Anze Kopitar wins face-off versus Bo Horvat in neutral zone.
6:34 of 3rd period - Wrist shot by Pierre-Luc Dubois.
6:34 of 3rd period - Stopped by Elvis Merzlikins with a rebound.
6:48 of 3rd period - Backhand shot by Filip Hronek.
6:48 of 3rd period - Stopped by John Gibson with a rebound.
6:58 of 3rd period - Snap shot by Filip Zadina.
6:58 of 3rd period - Stopped by Elvis Merzlikins without a rebound.
6:59 of 3rd period - Bo Horvat wins face-off versus Kevin Hayes in Sabres zone.
7:16 of 3rd period - Ryan McDonagh is hit by Kevin Hayes and loses puck.
7:39 of 3rd period - Snap shot by Andre Burakovsky.
7:39 of 3rd period - Stopped by John Gibson without a rebound.
7:40 of 3rd period - Nick Schmaltz wins face-off versus Nicklas Backstrom in Maroons zone.
8:17 of 3rd period - Slapshot by Tyler Ennis.
8:17 of 3rd period - Stopped by John Gibson without a rebound.
8:18 of 3rd period - Bo Horvat wins face-off versus Anze Kopitar in Maroons zone.
8:35 of 3rd period - Wrist shot by Bryan Rust.
8:35 of 3rd period - Shot Misses the Net.
9:11 of 3rd period - Ivan Provorov is hit by Nick Ritchie and loses puck.
9:16 of 3rd period - Wrist shot by Jay Beagle.
9:16 of 3rd period - Shot Blocked by Kevin Hayes.
9:28 of 3rd period - Snap shot by Tyler Ennis.
9:28 of 3rd period - Stopped by John Gibson with a rebound.
9:36 of 3rd period - Snap shot by Joonas Donskoi.
9:36 of 3rd period - Deflect By Ryan Carpenter.
9:36 of 3rd period - Shot Misses the Net.
9:36 of 3rd period - Puck is out of play.
9:37 of 3rd period - Anze Kopitar wins face-off versus Brendan Gallagher in Maroons zone.
9:49 of 3rd period - Off-side.
9:50 of 3rd period - Nicklas Backstrom wins face-off versus Bo Horvat in neutral zone.
10:24 of 3rd period - Matthew Tkachuk is hit by Kevin Hayes and loses puck.
10:39 of 3rd period - Snap shot by Filip Zadina.
10:39 of 3rd period - Shot Blocked by Rickard Rakell.
10:47 of 3rd period - Snap shot by Filip Zadina.
10:47 of 3rd period - Stopped by Elvis Merzlikins without a rebound.
10:48 of 3rd period - Bo Horvat wins face-off versus Ryan Carpenter in Sabres zone.
10:49 of 3rd period - Snap shot by Bryan Rust.
10:49 of 3rd period - Stopped by Elvis Merzlikins with a rebound.
10:51 of 3rd period - Slapshot by Bo Horvat.
10:51 of 3rd period - Stopped by Elvis Merzlikins without a rebound.
10:52 of 3rd period - Bo Horvat wins face-off versus Ryan Carpenter in Sabres zone.
11:07 of 3rd period - Slapshot by Bryan Rust.
11:07 of 3rd period - Stopped by Elvis Merzlikins without a rebound.
11:08 of 3rd period - Anze Kopitar wins face-off versus Pierre-Luc Dubois in Sabres zone.
11:15 of 3rd period - Wrist shot by Matthew Tkachuk.
11:15 of 3rd period - Shot Misses the Net.
11:17 of 3rd period - Snap shot by Matthew Tkachuk.
11:17 of 3rd period - Stopped by Elvis Merzlikins without a rebound.
11:18 of 3rd period - Pierre-Luc Dubois wins face-off versus Andre Burakovsky in Sabres zone.
11:21 of 3rd period - Wrist shot by Pierre-Luc Dubois.
11:21 of 3rd period - Stopped by Elvis Merzlikins with a rebound.
11:23 of 3rd period - Slapshot by Jacob Trouba.
11:23 of 3rd period - Deflect By Andre Burakovsky.
11:23 of 3rd period - Stopped by Elvis Merzlikins without a rebound.
11:24 of 3rd period - Nicklas Backstrom wins face-off versus Bo Horvat in Sabres zone.
11:37 of 3rd period - Wrist shot by Bo Horvat.
11:37 of 3rd period - Stopped by Elvis Merzlikins without a rebound.
11:38 of 3rd period - Kevin Hayes wins face-off versus Bo Horvat in Sabres zone.
11:38 of 3rd period - Kevin Hayes is hit by Bryan Rust.
12:03 of 3rd period - Pierre-Luc Dubois is hit by Filip Hronek and loses puck.
12:08 of 3rd period - Snap shot by Nicklas Backstrom.
12:08 of 3rd period - Stopped by John Gibson with a rebound.
12:10 of 3rd period - Backhand shot by Rasmus Dahlin.
12:10 of 3rd period - Stopped by John Gibson with a rebound.
12:16 of 3rd period - Wrist shot by Kailer Yamamoto.
12:16 of 3rd period - Stopped by John Gibson with a rebound.
12:28 of 3rd period - Snap shot by Tyler Ennis.
12:28 of 3rd period - Shot Misses the Net.
12:36 of 3rd period - Slapshot by Nick Schmaltz.
12:36 of 3rd period - Shot Misses the Net.
12:38 of 3rd period - Slapshot by Filip Zadina.
12:38 of 3rd period - Shot Misses the Net.
12:40 of 3rd period - Snap shot by Ryan McDonagh.
12:40 of 3rd period - Shot Misses the Net.
12:52 of 3rd period - Wrist shot by Andre Burakovsky.
12:52 of 3rd period - Shot Misses the Net.
12:54 of 3rd period - Slapshot by Ivan Provorov.
12:54 of 3rd period - Deflect By Andre Burakovsky.
12:54 of 3rd period - Stopped by John Gibson with a rebound.
12:58 of 3rd period - Snap shot by Rickard Rakell.
12:58 of 3rd period - Shot Misses the Net.
13:00 of 3rd period - Snap shot by Filip Hronek.
13:00 of 3rd period - Deflect By Rickard Rakell.
13:00 of 3rd period - Goal by Rickard Rakell - Sabres : 3 - Maroons : 3.
13:01 of 3rd period - Kevin Hayes wins face-off versus Bo Horvat in neutral zone.
13:06 of 3rd period - Snap shot by Ryan Murray.
13:06 of 3rd period - Shot Blocked by Bo Horvat.
13:08 of 3rd period - Slapshot by Ryan Murray.
13:08 of 3rd period - Shot Blocked by Bo Horvat.
13:10 of 3rd period - Snap shot by Viktor Arvidsson.
13:10 of 3rd period - Shot Blocked by Carl Gunnarsson.
13:12 of 3rd period - Snap shot by Viktor Arvidsson.
13:12 of 3rd period - Shot Misses the Net.
13:16 of 3rd period - Snap shot by Rasmus Dahlin.
13:16 of 3rd period - Stopped by John Gibson with a rebound.
13:26 of 3rd period - Pierre-Luc Dubois is hit by Ryan Murray and loses puck.
14:21 of 3rd period - Nicolas Aube-Kubel is hit by Kailer Yamamoto and loses puck.
14:44 of 3rd period - Wrist shot by Viktor Arvidsson.
14:44 of 3rd period - Shot Misses the Net.
15:00 of 3rd period - Snap shot by Pierre-Luc Dubois.
15:00 of 3rd period - Stopped by Elvis Merzlikins without a rebound.
15:01 of 3rd period - Joonas Donskoi wins face-off versus Pierre-Luc Dubois in Sabres zone.
15:06 of 3rd period - Wrist shot by Joonas Donskoi.
15:06 of 3rd period - Goal by Joonas Donskoi - Sabres : 4 - Maroons : 3.
15:07 of 3rd period - Kevin Hayes wins face-off versus Bo Horvat in neutral zone.
15:12 of 3rd period - Snap shot by Viktor Arvidsson.
15:12 of 3rd period - Deflect By Kevin Hayes.
15:12 of 3rd period - Shot Misses the Net.
15:12 of 3rd period - Puck is out of play.
15:13 of 3rd period - Bo Horvat wins face-off versus Kevin Hayes in Maroons zone.
15:40 of 3rd period - Snap shot by Brendan Gallagher.
15:40 of 3rd period - Deflect By Ryan Carpenter.
15:40 of 3rd period - Stopped by Elvis Merzlikins without a rebound.
15:41 of 3rd period - Ryan Carpenter wins face-off versus Nick Schmaltz in Sabres zone.
16:15 of 3rd period - Snap shot by Bo Horvat.
16:15 of 3rd period - Shot Blocked by Filip Hronek.
16:37 of 3rd period - Filip Hronek is hit by Jacob Trouba and loses puck.
16:52 of 3rd period - Wrist shot by Nicklas Backstrom.
16:52 of 3rd period - Shot Blocked by Rasmus Sandin.
17:05 of 3rd period - Icing by Rasmus Sandin.
17:06 of 3rd period - Nick Schmaltz wins face-off versus Tyler Ennis in Maroons zone.
17:17 of 3rd period - Wrist shot by Nick Schmaltz.
17:17 of 3rd period - Stopped by Elvis Merzlikins without a rebound.
17:18 of 3rd period - Bo Horvat wins face-off versus Kevin Hayes in Sabres zone.
18:08 of 3rd period - Slapshot by Jacob Trouba.
18:08 of 3rd period - Shot Blocked by Rasmus Dahlin.
19:10 of 3rd period - Maroons, John Gibson is pulled from the net.
19:18 of 3rd period - Snap shot by Filip Zadina.
19:18 of 3rd period - Goal by Filip Zadina - Sabres : 4 - Maroons : 4.
19:18 of 3rd period - John Gibson from Maroons was sent back in the game.
19:19 of 3rd period - Kevin Hayes wins face-off versus Bryan Rust in neutral zone.
19:26 of 3rd period - Snap shot by Kevin Hayes.
19:26 of 3rd period - Shot Misses the Net.
19:28 of 3rd period - Snap shot by Viktor Arvidsson.
19:28 of 3rd period - Deflect By Zach Hyman.
19:28 of 3rd period - Stopped by John Gibson without a rebound.
19:29 of 3rd period - Kevin Hayes wins face-off versus Bo Horvat in Maroons zone.
19:50 of 3rd period - Marco Scandella is hit by Bo Horvat and loses puck.
Goals for this period are 3 for Sabres vs 1 for Maroons.
Shots for this period are 17 for Sabres vs 16 for Maroons.

Overtime #1


0:01 of 1st overtime period - Nicklas Backstrom wins face-off versus Bo Horvat in neutral zone.
0:12 of 1st overtime period - Slapshot by Ivan Provorov.
0:12 of 1st overtime period - Shot Blocked by Bryan Rust.
0:14 of 1st overtime period - Wrist shot by Kevin Hayes.
0:14 of 1st overtime period - Goal by Kevin Hayes - Sabres : 5 - Maroons : 4.
Goals for this period are 1 for Sabres vs 0 for Maroons.
Shots for this period are 1 for Sabres vs 0 for Maroons.